 Dungeon Crawl Stone Soup version 0.30-a0-1160-g6e42c06551 (webtiles) character file.

Game seed: 14923337545133669994

2 Lavandula the Covered (level 1, 0/15 HPs)
             Began as a Mummy Wanderer on Apr 27, 2023.
             Slain by a kobold
             ... wielding a +0 whip
              (3 damage)
             ... on level 1 of the Dungeon.
             The game lasted 00:00:56 (63 turns).

Lavandula the Covered (Mummy Wanderer)                Turns: 63, Time: 00:00:56

Health: 0/15       AC:  2    Str: 14    XL:     1   Next: 33%
Magic:  0/2        EV: 11    Int: 14    God:
Gold:   0          SH:  0    Dex:  9    Spells: 1/2 levels left

rFire   x . .        a - +0 club
rCold   + . .        (no shield)
rNeg    + + +        d - +0 robe
rPois   ∞            (no helmet)
rElec   .            (no cloak)
rCorr   .            (no gloves)
SInv    .            (no boots)
Will    .....        (no amulet)
Stlth   +            (no ring)
HPRegen 0.22/turn    (no ring)
MPRegen 0.08/turn

%: faith
@: no status effects
A: cold resistance 1, negative energy resistance 3, torment resistance 2, heat
vulnerability 1, no potions, faith
a: no special abilities


You were on level 1 of the Dungeon.
You visited 1 branch of the dungeon, and saw 1 of its levels.

Inventory:

Hand Weapons
 a - a +0 club (weapon)
Missiles
 e - a poisoned dart (quivered)
Armour
 c - a +0 scale mail
 d - a +0 robe (worn)
Scrolls
 b - a scroll of silence


   Skills:
 - Level 1.0 Fighting
 - Level 3.2 Armour
 - Level 1.0 Stealth
 - Level 1.3 Spellcasting
 - Level 1.0 Summonings
 + Level 1.8 Ice Magic


You had one spell level left.
You knew the following spells:

 Your Spells              Type           Power      Damage    Failure   Level
a - Freeze                Ice            24%        1d4       12%         1

Your spell library contained the following spells:

 Spells                   Type           Power      Damage    Failure   Level
 Summon Small Mammal      Summ           12%        N/A       17%         1
 Ensorcelled Hibernation  Hex/Ice        6%         N/A       26%         2
 Call Canine Familiar     Summ           3%         N/A       45%         3
 Summon Ice Beast         Ice/Summ       4%         N/A       80%         4


Dungeon Overview and Level Annotations

Branches:
Dungeon (1/15)

Altars:


Innate Abilities, Weirdness & Mutations

You are immune to poison.
Your flesh is cold resistant. (rC+)
You are immune to negative energy. (rN+++)
You are immune to unholy pain and torment.
You are vulnerable to heat. (rF-)
You do not drink.
You have a special connection with the divine. (Faith)


Message History

Okay, then.
Throw: 6 darts (poison)
Press: ? - help, Q - select action, (/) - cycle Shift-Dir - straight line, f/p - kobold
Aim: a kobold, wielding a +0 whip (moderately wounded, 43% to hit)
You throw a poisoned dart. The poisoned dart hits the kobold.
The kobold is moderately wounded.
The kobold hits you but does no damage.
Unknown command.
Throw: 5 darts (poison)
Press: ? - help, Q - select action, (/) - cycle Shift-Dir - straight line, f - hobgoblin, p - kobold
Aim: a hobgoblin (52% to hit)
You throw a poisoned dart.
The poisoned dart barely misses the kobold.
The poisoned dart hits the hobgoblin.
The kobold closely misses you.
Unknown command.
Throw: 4 darts (poison)
Press: ? - help, Q - select action, (/) - cycle Shift-Dir - straight line, f - kobold
Aim: a kobold, wielding a +0 whip (moderately wounded, 43% to hit)
You throw a poisoned dart.
The poisoned dart barely misses the kobold.
The poisoned dart hits the endoplasm.
The kobold hits you but does no damage.
Unknown command.
Throw: 3 darts (poison)
Press: ? - help, Q - select action, (/) - cycle Shift-Dir - straight line, f - hobgoblin, p - kobold
Aim: a hobgoblin (52% to hit)
You throw a poisoned dart. The poisoned dart hits the kobold.
The kobold is poisoned.
The kobold is moderately wounded.
The kobold completely misses you.
Unknown command.
Throw: 2 darts (poison)
Press: ? - help, Q - select action, (/) - cycle Shift-Dir - straight line, f - kobold
Aim: a kobold, wielding a +0 whip (moderately wounded, poisoned, 43% to hit)
You throw a poisoned dart.
The poisoned dart closely misses the kobold.
The poisoned dart hits the endoplasm.
The endoplasm is poisoned.
The kobold hits you with a +0 whip.
You die...

#......## ..#
#......###.# ###.
#......##.# ....
##......#.#.....
##.......#..... #
##..<......... h#
##.....gJ#... ..#
##......#K# ..†##
##......##@#
....###......###.#
.....#......## ..#
..g........## #.##
#.........## ..
##....)..## #.#
##.....## ..
##...## ..# ##[##


You could see an endoplasm (poisoned), a hobgoblin and a kobold (poisoned).

Vanquished Creatures
  2 jackals (D:1)
2 creatures vanquished.

Notes
Turn   | Place    | Note
-------+----------+-------------------------------------------
     0 | D:1      | Lavandula the Mummy Wanderer began the quest for the Orb.
     0 | D:1      | Lavandula set off with the following items: a +0 club, a
                  | scroll of silence, a +0 scale mail; and the following
                  | spells available to memorise: Freeze, Summon Small Mammal,
                  | Ensorcelled Hibernation, Call Canine Familiar, Summon Ice
                  | Beast.
     0 | D:1      | Reached XP level 1. HP: 15/15 MP: 2/2
     4 | D:1      | Learned a level 1 spell: Freeze
    63 | D:1      | Slain by a kobold

Illustrated notes

Levels and vault maps discovered:
D:1:      dpeg_arrival_central, layout_rooms, serial_shops, shop_fountains,
          nicolae_shop_vocational

Action                     || total
---------------------------++-------
  Melee: Club              ||     4
  Throw: Dart              ||     5
   Cast: Freeze            ||     4
 Armour: Robe              ||     4
  Dodge: Dodged            ||     9

Table legend: (Time is in decaauts)
 A = Elapsed time spent in this place.
 B = Non-inter-level travel time spent in this place.
 C = Inter-level travel time spent in this place.
 D = Time resting spent in this place.
 E = Time spent auto-exploring this place.
 F = Levels seen in this place.
 G = Mean time per level.
                   A        B        C        D        E       F      G
               +--------+--------+--------+--------+--------+-----+--------+
         Total |     64 |     64 |      0 |      3 |      9 |   1 |   64.0 |
       Dungeon |     64 |     64 |      0 |      3 |      9 |   1 |   64.0 |
               +--------+--------+--------+--------+--------+-----+--------+

Top non-repeatable levels by time:
     D:1: 64 daAuts
